 Dungeon Crawl Stone Soup version 0.26.1-2-gb8aa6d0cf2 (webtiles) character file.

Game seed: 16790968432348215697

203 Gadfly the Skirmisher (level 5, -6/33 HPs)
             Began as a Gargoyle Fighter on Feb 9, 2021.
             Mangled by an ogre
             ... wielding a +0 giant club
              (11 damage)
             ... on level 3 of the Dungeon.
             The game lasted 00:04:10 (2848 turns).

Gadfly the Skirmisher (Gargoyle Fighter)            Turns: 2848, Time: 00:04:11

Health: -6/33      AC: 19    Str: 20    XL:     5   Next: 81%
Magic:  5/5        EV:  7    Int:  8    God:
Gold:   128        SH: 10    Dex: 10    Spells: 4/4 levels left

rFire    + . .     SeeInvis +   a - +0 flail
rCold    + . .     Faith    +   c - +1 kite shield
rNeg     + . .     Spirit   .   p - +0 plate armour
rPois    ∞         Reflect  .   e - +1 helmet
rElec    +         Harm     .   l - scarf {rC+ rF+}
rCorr    .         Rampage  .   (no gloves)
Will     .....                  s - +0 pair of boots
Stlth    ..........             i - amulet of faith
HPRegen  0.11/turn              t - +4 ring of evasion
MPRegen  0.09/turn              k - ring of see invisible

@: no status effects
A: negative energy resistance 1, electricity resistance, unbreathing,
petrification resistance, miasma immunity, AC +4
a: no special abilities


You were on level 3 of the Dungeon.
You visited 1 branch of the dungeon, and saw 4 of its levels.

You collected 128 gold pieces.

Inventory:

Hand Weapons
 a - a +0 flail (weapon)
Armour
 c - a +1 kite shield (worn)
 e - a +1 helmet (worn)
 l - a scarf of resistance (worn)
 p - a +0 plate armour (worn)
 s - a +0 pair of boots (worn)
Jewellery
 i - an amulet of faith (around neck)
 j - an uncursed ring of protection from cold
 k - a ring of see invisible (right hand)
 t - a +4 ring of evasion (left hand)
Scrolls
 m - 2 scrolls of enchant armour
 r - 2 scrolls of remove curse
 v - a scroll of fear
Potions
 b - a potion of lignification {unknown}
 d - a potion of might
 g - a potion of mutation {unknown}
 h - a potion of haste {unknown}
 n - 2 potions of attraction
 q - a potion of flight
 u - a potion of cancellation {unknown}


   Skills:
 + Level 4.0 Fighting
 * Level 3.6 Maces & Flails
 + Level 3.9 Armour
 + Level 4.0 Shields
 * Level 2.3 Evocations


You had 4 spell levels left.
You didn't know any spells.
Your spell library was empty.

Dungeon Overview and Level Annotations

Branches:
Dungeon (4/15)
 Temple: D:4-7

Altars:


Innate Abilities, Weirdness & Mutations

You are resistant to torment.
Your stone body is resilient. (AC +4)
You are immune to poison.
You resist negative energy. (rN+)
You are resistant to electric shocks. (rElec)
You can survive without breathing.
You are immune to petrification.
You are immune to miasma.


Message History

There is a stone staircase leading down here.
You barely miss the ogre. You block the ogre's attack.
You sock the ogre!
The ogre is moderately wounded.
The ogre hits you with a +0 giant club!
You barely miss the ogre.
The ogre is moderately wounded.
The ogre barely misses you.
Your shield and plate armour prevent you from hitting the ogre.
The ogre is moderately wounded.
The ogre hits you but does no damage.
You completely miss the ogre.
The ogre is moderately wounded.
The ogre hits you with a +0 giant club!
* * * LOW HITPOINT WARNING * * *
You hit the ogre but do no damage.
The ogre is moderately wounded.
The ogre closely misses you. The ogre hits you with a +0 giant club!
You die...

#### ######### #...
#.......#######...
#.#...........+...
#@#..##.#######...
#.O......# #...
#....#############
#..>.......)......
#####..####.########
#...#..####)..#
#.#...........#
#...#####..##)#
###.# ###.....######


You could see an ogre.

Vanquished Creatures
  A hound (D:3)
  An orc wizard (D:3)
  4 adders (D:3)
  2 oozes
  3 worms
  2 dart slugs
  4 leopard geckos
  4 orcs (D:3)
  6 bats
  6 giant cockroaches
  4 goblins
  7 hobgoblins
  9 jackals
  3 ball pythons
  5 frilled lizards
  8 kobolds
  10 rats
79 creatures vanquished.

Vanquished Creatures (others)
  3 plants (D:2)
3 creatures vanquished.

Grand Total: 82 creatures vanquished

Notes
Turn   | Place    | Note
-------+----------+-------------------------------------------
     0 | D:1      | Gadfly the Gargoyle Fighter began the quest for the Orb.
     0 | D:1      | Reached XP level 1. HP: 14/14 MP: 1/1
   630 | D:1      | Reached XP level 2. HP: 19/19 MP: 2/2
  1251 | D:1      | Reached skill level 1 in Evocations
  1251 | D:1      | Reached XP level 3. HP: 23/23 MP: 3/3
  1952 | D:2      | Reached XP level 4. HP: 28/28 MP: 4/4
  2383 | D:3      | Reached XP level 5. HP: 33/33 MP: 5/5
  2833 | D:4      | Noticed an ogre
  2848 | D:3      | Mangled by an ogre

Illustrated notes

Levels and vault maps discovered:
D:1:      matt_arrival_los_fun, layout_loops_corners, patterned_corridor
D:2:      layout_rooms, serial_forest, infiniplex_forest_clump_small,
          infiniplex_forest_clump_long, infiniplex_forest_clump_small,
          infiniplex_forest_lined_room_3, infiniplex_forest_zigzag_1,
          infiniplex_forest_end_double, infiniplex_forest_lined_room_2,
          infiniplex_forest_clump_small, infiniplex_forest_lined_1,
          minmay_misc_feat_nine_boxes, minmay_pentomino_pile
D:3:      layout_basic
D:4:      layout_loops_corners, serial_shops, shop

Skill      XL: |  1  2  3  4  5 |
---------------+----------------+-----
Evocations     | 1 2 |  2.3
Maces & Flails | 3 |  3.6
Fighting       | 4 |  4.0
Shields        | 4 |  4.0
Armour         | |  3.9

Action                   |  1- 3 |  4- 6 || total
-------------------------+-------+-------++-------
Melee: Flail             |   110 |   184 ||   294
  Use: Scroll            |     4 |     3 ||     7
       Potion            |     2 |       ||     2
Armor: Chain mail        |    50 |       ||    50
       Plate armour      |    13 |   174 ||   187
Dodge: Dodged            |    16 |    33 ||    49
Block: Kite shield       |    52 |   123 ||   175
